 Dungeon Crawl Stone Soup version 0.27-a0-1200-g94dc6ad4cf (webtiles) character file.

Game seed: 11981765570156946541

54144 karkarkar the Warrior (level 14, -3/137 HPs)
             Began as a Minotaur Berserker on May 31, 2021.
             Was a High Priest of Trog.
             Slain by a snapping turtle (7 damage)
             ... on level 3 of the Shoals on June 1, 2021.
             The game lasted 01:12:17 (23889 turns).

karkarkar the Warrior (Minotaur Berserker)         Turns: 23889, Time: 01:12:18

Health: -3/137     AC: 23    Str: 27    XL:     14   Next: 33%
Magic:  13/13      EV: 10    Int:  5    God:    Trog [*****.]
Gold:   1180       SH:  5    Dex: 11    Spells: 13/13 levels left

rFire    . . .     SeeInvis .   T - +4 bardiche of Trog's Whim {vorpal, Fly rC+ Stlth+}
rCold    + + .     Faith    .   (shield currently unavailable)
rNeg     + . .     Spirit   .   W - +2 plate armour {rF+}
rPois    .         Reflect  +   (helmet restricted)
rElec    +         Harm     .   x - +1 cloak
rCorr    .         Rampage  .   J - +0 pair of gloves
Will     +....                  (no boots)
Stlth    ..........             M - amulet of Toecoick {Reflect +Inv rElec SH+5}
HPRegen  0.32/turn              h - ring "Kylaa" {rElec rN+ Str+2}
MPRegen  0.13/turn              y - ring of ice

@: flying
A: horns 2, retaliatory headbutt
a: Renounce Religion, Evoke Invisibility, Berserk, Trog's Hand, Brothers in Arms


You were on level 3 of the Shoals.
You worshipped Trog.
Trog was extremely pleased with you.
You visited 4 branches of the dungeon, and saw 20 of its levels.
You also visited: Ossuary.

You collected 2584 gold pieces.
You spent 1404 gold pieces at shops.

Inventory:

Hand Weapons
 z - a +3 vorpal trident
 C - the +6 trident of Glamorous Guile {vorpal, Str+2 Int-3 Dex+3 SInv}
   (You found it on level 9 of the Dungeon)

   It inflicts extra damage upon your enemies.
   It affects your strength (+2).
   It affects your intelligence (-3).
   It affects your dexterity (+3).
   It lets you see invisible.
 H - a +2 flail of holy wrath
 O - a +5 demon trident
 T - the +4 bardiche of Trog's Whim (weapon) {vorpal, Fly rC+ Stlth+}
   (Trog gifted it to you on level 2 of the Lair of Beasts)

   It inflicts extra damage upon your enemies.
   It protects you from cold.
   It grants you flight.
   It makes you more stealthy.
Missiles
 D - 3 curare-tipped darts
 F - a throwing net
Armour
 x - a +1 cloak (worn)
 J - a +0 pair of gloves (worn)
 L - +0 acid dragon scales
 W - a +2 plate armour of fire resistance (worn)
Jewellery
 h - the ring "Kylaa" (left hand) {rElec rN+ Str+2}
   (You acquired it on level 3 of the Lair of Beasts)

   [ring of positive energy]

   It affects your strength (+2).
   It insulates you from electricity.
   It protects you from negative energy.
 m - a +4 ring of evasion
 o - a +4 ring of evasion
 r - a +4 ring of protection
 y - a ring of ice (right hand)
 M - the amulet of Toecoick (around neck) {Reflect +Inv rElec SH+5}
   (You acquired it on level 3 of the Lair of Beasts)

   [amulet of reflection]

   It reflects blocked missile attacks.
   It insulates you from electricity.
   It lets you turn invisible.
   It affects your SH (+5).
 N - an amulet of the acrobat
 Q - a ring of ice
 X - an amulet of reflection
Wands
 d - a wand of charming (12)
 t - a wand of acid (7) (quivered)
 v - a wand of iceblast (27)
 R - a wand of paralysis (11)
 V - a wand of polymorph (4)
Scrolls
 a - a scroll of brand weapon
 b - 11 scrolls of teleportation
 c - 2 scrolls of magic mapping
 n - 8 scrolls of enchant weapon
 p - 3 scrolls of immolation
 s - a scroll of silence {unknown}
 u - 4 scrolls of enchant armour
 A - 3 scrolls of fear
 G - a scroll of blinking
 I - a scroll of summoning
 P - 4 scrolls of noise
 U - a scroll of fog {unknown}
Potions
 e - 6 potions of ambrosia
 f - a potion of lignification
 g - a potion of attraction {unknown}
 i - a potion of berserk rage
 j - 2 potions of haste
 k - a potion of invisibility
 l - 6 potions of curing
 q - 2 potions of cancellation
 w - a potion of brilliance
 E - 2 potions of resistance
 K - 2 potions of magic {unknown}


   Skills:
 + Level 16.3 Fighting
 + Level 1.7 Short Blades
 + Level 5.0(11.2) Axes
 + Level 7.0(7.7) Maces & Flails
 - Level 13.6(14.0) Polearms
 + Level 0.4 Throwing
 + Level 16.1 Armour
 + Level 6.6 Dodging
 + Level 3.5 Stealth
 + Level 4.5 Shields
 + Level 0.1 Evocations


You had 13 spell levels left.
You didn't know any spells.
Your spell library was empty.

Dungeon Overview and Level Annotations

Branches:
Dungeon (10/15)            Temple (0/1) D:5            Lair (5/6) D:8
 Shoals (3/4) Lair:4        Snake (0/4) Lair:2        Slime (0/5) Lair:5
    Orc (2/2) D:10            Elf (0/3) Orc:2       Ossuary (visited)

Altars:
Ashenzari
Dithmenos
Fedhas
Kikubaaqudgha
Ru
Sif Muna
Trog
Uskayaw
Wu Jian
Yredelemnul
Zin
The Shining One
Beogh

Shops:
D:8 ([:[   Orc:2 (*=[[*   Shoals:1 !   Shoals:3 *

Annotations:
Lair:1 exclusion: oklob plant
Shoals:2 1 runed translucent door, Gunih's ghost, adept NaFi


Innate Abilities, Weirdness & Mutations

You have a pair of horns on your head.
You reflexively headbutt those who attack you in melee.


Message History

You start resting.
Your iron troll rages.
You hear an angry hiss.
Your iron troll rages.
Your iron troll is no longer berserk.
A snapping turtle comes into view.
A snapping turtle is nearby!
There is a stone staircase leading up here.
Unknown command.
A snapping turtle is nearby!
You start resting.
Your iron troll disappears in a puff of smoke!
A snapping turtle is nearby!
You are too injured to fight recklessly!
You are too injured to fight recklessly!
You are too injured to fight recklessly!
You are too injured to fight recklessly!
The snapping turtle bites you but does no damage.
You hit the snapping turtle but do no damage.
You headbutt the snapping turtle!
The snapping turtle is moderately wounded.
The snapping turtle bites you.
* * * LOW HITPOINT WARNING * * *
You slash the snapping turtle!
The snapping turtle is heavily wounded.
You block the snapping turtle's attack. The snapping turtle bites you!
* * * LOW HITPOINT WARNING * * *
You slice the snapping turtle!!
The snapping turtle is almost dead.
The snapping turtle bites you!
* * * LOW HITPOINT WARNING * * *
Your plate armour prevents you from hitting the snapping turtle.
You headbutt the snapping turtle, but do no damage.
The snapping turtle is almost dead.
You block the snapping turtle's attack.
You hit the snapping turtle.
The snapping turtle is almost dead.
The snapping turtle completely misses you.
The snapping turtle bites you!
You die...

≈≈≈.........≈ ≈≈≈≈
∩.8......... ≈≈≈≈≈
<..........# ≈≈≈≈≈
8.......[..#.≈≈≈≈≈
.........).#.≈≈≈≈≈
≈..........#.≈≈≈≈≈
≈≈≈≈...).....≈≈≈≈≈
≈≈≈≈≈...##<.≈≈≈≈≈≈
≈≈≈≈≈≈..@t.≈≈≈≈≈≈≈
≈≈≈≈≈≈≈≈≈≈≈≈≈≈≈≈≈≈
≈≈≈≈≈≈≈≈≈≈≈≈≈≈≈≈≈≈
≈≈≈≈≈≈≈≈≈≈≈≈≈≈≈≈≈≈
≈≈≈≈≈≈≈≈≈≈≈≈≈≈≈≈≈≈
≈≈≈≈≈≈≈≈≈≈≈≈≈≈≈≈≈≈
##################


You could see a snapping turtle.

Vanquished Creatures
  Jorgrun (Shoals:1)
  Aizul (Shoals:1)
  A frost giant (Shoals:2)
  Nessos (Lair:5)
  A merfolk impaler (Shoals:2)
  Josephine (Lair:4)
  A hydra (Lair:4)
  3 two-headed ogres
  An orc high priest (Orc:2)
  Urug (D:10)
  4 sea snakes (Shoals:2)
  3 orc knights (Orc:2)
  6 harpies (Shoals:2)
  2 orc sorcerers (Orc:2)
  2 manticores
  6 cyclopes
  7 black mambas
  A water nymph (Shoals:1)
  13 cane toads
  2 merfolk sirens (Shoals:2)
  7 komodo dragons
  An unseen horror (D:10)
  5 trolls
  3 merfolk (Shoals:1)
  4 wind drakes
  Grinder (D:6)
  2 dream sheep (Shoals:1)
  A vampire (D:10)
  Sigmund (D:2)
  4 shadows
  Eustachio (D:6)
  2 water elementals (Shoals:2)
  3 wraiths (Lair:4)
  7 wyverns
  28 yaks
  6 basilisks
  2 steam dragons
  A warg (Orc:2)
  2 nagas (Lair:2)
  6 water moccasins
  2 acid dragons
  An ice beast (D:7)
  21 orc warriors
  A black bear (Lair:2)
  A necrophage (D:6)
  A sky beast (D:6)
  12 wolves (Lair:4)
  10 ogres
  2 centaurs
  4 kobold brigands
  4 phantoms
  Blork the orc (D:4)
  4 bullfrogs
  4 scorpions
  A wyvern zombie (D:6)
  A troll zombie (D:10)
  26 killer bees
  5 wights (D:8)
  2 howler monkeys
  An electric eel (Lair:3)
  3 centaur zombies
  12 jellies (Lair:5)
  6 hounds
  13 orc priests
  A bullfrog skeleton (D:4)
  2 centaur skeletons (D:6)
  A gnoll shaman (D:8)
  5 iguanas
  27 orc wizards
  2 killer bee zombies
  5 ogre zombies (D:10)
  A mummy (Ossuary)
  A howler monkey zombie (D:10)
  4 gnolls (D:8)
  A howler monkey skeleton (D:7)
  8 adders
  A shadow imp (D:5)
  A white imp (D:6)
  An adder skeleton (D:4)
  A dart slug (D:5)
  66 orcs
  3 spectral bats (Ossuary)
  7 endoplasms
  2 giant cockroaches
  8 goblins
  6 hobgoblins
  10 jackals
  30 kobolds
  3 quokkas (D:1)
  8 ball pythons
  3 bats
  4 bat simulacra (Ossuary)
  2 frilled lizards (D:3)
  12 gnoll zombies (Ossuary)
  3 goblin simulacra (Ossuary)
  2 goblin skeletons (D:10)
  7 goblin zombies
  A hobgoblin skeleton (D:10)
  5 hobgoblin zombies
  3 kobold simulacra (Ossuary)
  6 kobold zombies (Ossuary)
  5 orc skeletons (D:10)
  11 orc zombies
  2 rats
  A rat simulacrum (Ossuary)
  3 spectral goblins (Ossuary)
  3 spectral kobolds (Ossuary)
  2 spectral rats (Ossuary)
563 creatures vanquished.

Vanquished Creatures (collateral kills)
  Saint Roka (Orc:2)
  An orc knight (Orc:1)
  A merfolk siren (Shoals:3)
  A water nymph (Shoals:3)
  A queen bee (Lair:2)
  2 orc warriors (Orc:1)
  A bullfrog (Lair:5)
  2 killer bees (Lair:2)
  An orc wizard (Orc:1)
  4 orcs (Orc:1)
15 creatures vanquished.

Vanquished Creatures (others)
  22 fungi
  35 plants
57 creatures vanquished.

Grand Total: 635 creatures vanquished

Notes
Turn   | Place    | Note
-------+----------+-------------------------------------------
     0 | D:1      | karkarkar the Minotaur Berserker began the quest for the
                  | Orb.
     0 | D:1      | Reached XP level 1. HP: 19/19 MP: 0/0
   210 | D:1      | Reached XP level 2. HP: 27/27 MP: 1/1
   837 | D:2      | Found a bloodstained altar of Trog.
   843 | D:2      | Reached ** piety under Trog
   844 | D:2      | Reached XP level 3. HP: 33/33 MP: 2/2
   845 | D:2      | Noticed Sigmund
  1162 | D:2      | Killed Sigmund
  1163 | D:2      | Reached skill level 5 in Fighting
  1163 | D:2      | Reached skill level 1 in Short Blades
  1163 | D:2      | Reached XP level 4. HP: 42/42 MP: 3/3
  1163 | D:2      | Reached XP level 5. HP: 48/48 MP: 4/4
  1799 | D:3      | Reached skill level 5 in Axes
  1819 | D:3      | Reached skill level 1 in Maces & Flails
  1819 | D:3      | Reached XP level 6. HP: 57/57 MP: 5/5
  2148 | D:3      | Found a glowing golden altar of the Shining One.
  2776 | D:4      | Reached XP level 7. HP: 60/63 MP: 6/6
  2831 | D:4      | Reached *** piety under Trog
  2858 | D:4      | Found a basalt altar of Yredelemnul.
  3054 | D:4      | Noticed Blork the orc
  3065 | D:4      | Killed Blork the orc
  3143 | D:4      | Found a blossoming altar of Fedhas.
  3203 | D:4      | Found a shimmering blue altar of Sif Muna.
  3320 | D:5      | Entered Level 5 of the Dungeon
  3381 | D:5      | Reached skill level 1 in Stealth
  3639 | D:5      | Found a shadowy altar of Dithmenos.
  3676 | D:5      | Reached skill level 5 in Maces & Flails
  3736 | D:5      | Found a hide-covered altar of Uskayaw.
  4011 | D:5      | Found a staircase to the Ecumenical Temple.
  4388 | D:5      | Found a bloodstained altar of Trog.
  4590 | D:6      | Noticed Grinder
  4594 | D:6      | Killed Grinder
  4595 | D:6      | Reached XP level 8. HP: 73/73 MP: 7/7
  4638 | D:6      | Reached skill level 1 in Polearms
  5046 | D:6      | Reached skill level 5 in Armour
  5115 | D:6      | Reached skill level 5 in Dodging
  5414 | D:6      | Found an ornate altar of the Wu Jian Council.
  5417 | D:6      | Found an ancient bone altar of Kikubaaqudgha.
  5474 | D:6      | Reached skill level 5 in Polearms
  5549 | D:6      | Noticed Eustachio
  5568 | D:6      | Killed Eustachio
  5569 | D:6      | Reached XP level 9. HP: 66/81 MP: 8/8
  5641 | D:6      | Noticed a troll
  5654 | D:6      | Killed a troll
  5775 | D:6      | Reached **** piety under Trog
  6492 | D:7      | Found a glowing silver altar of Zin.
  6492 | D:7      | Noticed an angel
  6621 | D:7      | Found a sand-covered staircase.
  6662 | Ossuary  | Entered an ossuary
  6766 | Ossuary  | Reached ***** piety under Trog
  7784 | D:8      | Reached XP level 10. HP: 83/91 MP: 9/9
  7908 | D:8      | Found Xulios's Book Shop.
  7915 | D:8      | Found Taro's Antique Armour Emporium.
  8062 | D:8      | Found Lets's Armour Shoppe.
  8100 | D:8      | Found a staircase to the Lair.
  8335 | D:8      | Noticed a two-headed ogre
  8341 | D:8      | Killed a two-headed ogre
  8342 | D:8      | Reached skill level 10 in Polearms
  8686 | D:8      | Found Vaxeiv's Weapon Boutique.
  9285 | D:9      | Noticed a two-headed ogre
  9289 | D:9      | Killed a two-headed ogre
  9290 | D:9      | Reached skill level 10 in Fighting
  9373 | D:9      | Identified the +6 trident of Glamorous Guile {vorpal, Str+2
                  | Int-3 Dex+3 SInv}
 10066 | D:10     | Entered Level 10 of the Dungeon
 10132 | D:10     | Reached XP level 11. HP: 73/99 MP: 10/10
 10396 | D:10     | Found a sacrificial altar of Ru.
 10397 | D:10     | Found a broken altar of Ashenzari.
 10521 | D:10     | Found a staircase to the Orcish Mines.
 10579 | D:10     | Reached ****** piety under Trog
 10621 | D:10     | Reached skill level 10 in Armour
 10629 | D:10     | Received a gift from Trog
 10901 | D:10     | Noticed Urug
 10919 | D:10     | Killed Urug
 11742 | Orc:1    | Entered Level 1 of the Orcish Mines
 11792 | Orc:1    | Noticed an orc knight
 11809 | Orc:1    | Killed an orc knight
 12125 | Orc:2    | Entered Level 2 of the Orcish Mines
 12143 | Orc:2    | Found Kodud's Armour Boutique.
 12423 | Orc:2    | Found Piblyg's Assorted Antiques.
 12425 | Orc:2    | Found a staircase to the Elven Halls.
 12437 | Orc:2    | Noticed a two-headed ogre
 12451 | Orc:2    | Killed a two-headed ogre
 12580 | Orc:2    | Noticed an orc sorcerer
 12580 | Orc:2    | Noticed an orc high priest
 12599 | Orc:2    | Killed an orc sorcerer
 12605 | Orc:2    | Killed an orc high priest
 12632 | Orc:2    | Noticed Saint Roka
 12647 | Orc:2    | Reached XP level 12. HP: 72/110 MP: 11/11
 12650 | Orc:2    | Received a gift from Trog
 12674 | Orc:2    | Killed Saint Roka
 12852 | Orc:2    | Paralysed by an orc sorcerer for 6 turns
 13193 | Orc:2    | Found Noklar Cela's Antique Armour Shop.
 13676 | Orc:2    | Found Hieg's Jewellery Shop.
 13694 | Orc:2    | Found Xiat's Antique Weapon Shop.
 13724 | Orc:2    | Found Xeublowe's General Store.
 13952 | D:8      | Bought a shiny plate armour for 702 gold pieces
 14173 | Lair:1   | Entered Level 1 of the Lair of Beasts
 14892 | Lair:1   | Found a blossoming altar of Fedhas.
 15740 | Lair:2   | Found a staircase to the Snake Pit.
 16387 | Lair:2   | Identified the +4 bardiche of Trog's Whim {vorpal, Fly rC+
                  | Stlth+} (Trog gifted it to you on level 2 of the Lair of
                  | Beasts)
 16387 | Lair:2   | Received a gift from Trog
 16978 | Lair:3   | Reached XP level 13. HP: 123/123 MP: 12/12
 18287 | Lair:3   | Identified 2 scrolls of acquirement
 18287 | Lair:3   | Acquired the amulet of Toecoick {Reflect +Inv rElec SH+5}
 18302 | Lair:3   | Acquired the ring "Kylaa" {rElec rN+ Str+2}
 18531 | Lair:4   | Noticed Josephine
 18545 | Lair:4   | Killed Josephine
 18714 | Lair:4   | Reached skill level 1 in Shields
 18968 | Lair:4   | Found a staircase to the Shoals.
 19342 | Lair:4   | Identified the +3 quarterstaff "Tipsymus" {vorpal, +Rage
                  | Will+ rCorr}
 19590 | Lair:5   | Noticed Nessos
 19601 | Lair:5   | Killed Nessos
 19876 | Lair:5   | Reached skill level 15 in Fighting
 20341 | Lair:5   | Found a staircase to the Slime Pits.
 20361 | Lair:5   | Reached skill level 15 in Armour
 20814 | Lair:5   | Acquired 786 gold pieces
 21024 | D:8      | Bought a glowing plate armour for 702 gold pieces
 21189 | Shoals:1 | Entered Level 1 of the Shoals
 21343 | Shoals:1 | Noticed Jorgrun
 21356 | Shoals:1 | Killed Jorgrun
 21547 | Shoals:1 | Noticed Aizul
 21577 | Shoals:1 | Killed Aizul
 21847 | Shoals:1 | Found Sutaimp's Distillery.
 21998 | Shoals:1 | Identified the +4 quarterstaff of Fitisu {vorpal, Drain
                  | Dex+9}
 22257 | Shoals:2 | Found a runed translucent door.
 22258 | Shoals:2 | Noticed Gunih's ghost (adept NaFi)
 22339 | Shoals:2 | Noticed a merfolk impaler
 22351 | Shoals:2 | Killed a merfolk impaler
 22352 | Shoals:2 | Reached XP level 14. HP: 92/136 MP: 13/13
 22587 | Shoals:2 | Noticed a frost giant
 22601 | Shoals:2 | Killed a frost giant
 23839 | Shoals:3 | Found Xaptucit's General Store.
 23887 | Shoals:3 | HP: 3/137 [snapping turtle (7)]
 23889 | Shoals:3 | Slain by a snapping turtle

Illustrated notes

Levels and vault maps discovered:
D:1:      psy_arrival_spokes, layout_basic
D:2:      layout_loops_ring, basic_altar, uniq_sigmund
D:3:      layout_rooms, lemuel_coloured_pillars_altar
D:4:      layout_basic, lemuel_tele_altar, marbit_many_paths, fedhas_altar_3,
          uniq_blork_the_orc
D:5:      layout_basic, kennysheep_mini_moat, eat_drink_and_be_merry_uskayaw,
          lemuel_round_altar, minmay_temple_entry_stoned_glass
D:6:      layout_loops_ring, jmf_multi_god_temple,
          chequers_serial_rivers_large_b, hangedman_abyss_or_decor_passed,
          kennysheep_another_room, minmay_divided_ellipse, uniq_eustachio,
          uniq_grinder
D:7:      layout_loops_ring, zin_angel, nicolae_ossuary_entry_ruins
D:8:      layout_gridville, david_lair_generic, serial_shops, shop, shop, shop,
          shop
D:9:      layout_roguey, minmay_misc_feat_room
D:10:     layout_roguey, gammafunk_temple_overflow_pools, zombieorc1_lemuel,
          uniq_urug
Lair:1:   beast_lair_carwin_large_2, layout_cave_pods, hangedman_tree_tricks
Lair:2:   layout_concentric_octagons, guppyfry_snake_entry_island, special_room
          [special_room_bee], grunt_megastairs_3
Lair:3:   layout_layer_cave, serial_bayou_shore_a
Lair:4:   layout_regular_city, minmay_shoals_entry_beasts, uniq_josephine
Lair:5:   layout_cellular_growth, minmay_slime_entry_jelly_boxes,
          grunt_megastairs_1, uniq_nessos
Shoals:1: layout_shoals, serial_shops, shop, uniq_jorgrun, uniq_aizul
Shoals:2: layout_shoals, gammafunk_ghost_grave, st_cyclops, uniq_polyphemus
Shoals:3: layout_shoals, ebering_ghost_davey_jones, serial_shops,
          nicolae_shop_statue_plus, abandoned_shop, uniq_ilsuiw
Orc:1:    layout_caves
Orc:2:    grunt_orc_cross, layout_caves, serial_shops, shop, shop_coins,
          basic_altar, guppyfry_library_mini

Skill      XL: |  1  2  3  4  5  6  7  8  9 10 11 12 13 14 |
---------------+-------------------------------------------+-----
Axes           | 4 5 |  5.0
Fighting       | 4 5 6 7 9 10 11 13 15 16 | 16.3
Short Blades   | 1 |  1.7
Armour         | 3 4 5 7 9 11 13 15 16 | 16.1
Dodging        | 3 4 5 6 |  6.6
Maces & Flails | 1 3 5 6 7 |  7.0
Stealth        | 1 2 3 |  3.5
Polearms       | 5 8 11 13 | 13.6
Shields        | 3 4 |  4.5
Throwing       | |  0.4
Evocations     | |  0.1

Action                   |  1- 3 |  4- 6 |  7- 9 | 10-12 | 13-15 || total
-------------------------+-------+-------+-------+-------+-------++-------
Melee: Hand axe          |     7 |       |       |       |       ||     7
       Dagger            |    36 |       |       |       |       ||    36
       Headbutt          |     3 |    15 |    65 |   145 |    83 ||   311
       Mace              |     8 |     8 |       |       |       ||    16
       Whip              |       |    95 |   121 |       |       ||   216
       Trident           |       |       |   206 |   663 |   298 ||  1167
       Morningstar       |       |       |    72 |       |       ||    72
       Bardiche          |       |       |       |    33 |   109 ||   142
Throw: Dart              |       |       |       |     1 |     3 ||     4
       Throwing net      |       |       |       |       |     1 ||     1
Invok: Berserk           |     2 |     3 |     8 |    12 |     3 ||    28
       Trog's Hand       |     1 |       |     2 |     6 |     6 ||    15
       Brothers in Arms  |       |       |       |     3 |     3 ||     6
Evoke: Wand              |       |       |       |     1 |     2 ||     3
  Use: Scroll            |     2 |       |     2 |     4 |     8 ||    16
       Potion            |       |     1 |     4 |     2 |     9 ||    16
Armor: Animal skin       |     3 |       |       |       |       ||     3
       Leather armour    |     9 |    17 |    48 |       |       ||    74
       Chain mail        |       |       |    67 |       |       ||    67
       Plate armour      |       |       |    75 |   268 |   138 ||   481
Dodge: Dodged            |    35 |    53 |   198 |   294 |   161 ||   741
Block: Other             |       |       |       |       |    65 ||    65
       Reflection        |       |       |       |       |     5 ||     5

Table legend: (Time is in decaauts)
 A = Elapsed time spent in this place.
 B = Non-inter-level travel time spent in this place.
 C = Inter-level travel time spent in this place.
 D = Time resting spent in this place.
 E = Time spent auto-exploring this place.
 F = Levels seen in this place.
 G = Mean time per level.
                   A        B        C        D        E       F      G
               +--------+--------+--------+--------+--------+-----+--------+
         Total |  24434 |  23433 |   1001 |   2574 |  16039 |  21 | 1163.5 |
       Dungeon |  11911 |  11235 |    676 |   1233 |   7463 |  10 | 1191.1 |
          Lair |   7217 |   6938 |    279 |    564 |   5580 |   5 | 1443.4 |
        Shoals |   2798 |   2798 |      0 |    643 |   1552 |   3 |  932.7 |
  Orcish Mines |   2133 |   2088 |     45 |    133 |   1250 |   2 | 1066.5 |
       Ossuary |    373 |    373 |      0 |      0 |    193 |   1 |  373.0 |
               +--------+--------+--------+--------+--------+-----+--------+

Top non-repeatable levels by time:
     D:6: 1875 daAuts
     D:8: 1843 daAuts
   Orc:2: 1737 daAuts
  Lair:1: 1664 daAuts
    D:10: 1562 daAuts
  Lair:3: 1541 daAuts
Shoals:1: 1537 daAuts
  Lair:2: 1390 daAuts
  Lair:5: 1330 daAuts
  Lair:4: 1290 daAuts
     D:5: 1223 daAuts
Shoals:2: 1202 daAuts
     D:7: 1007 daAuts
     D:9: 967 daAuts
     D:4: 908 daAuts
